 Dungeon Crawl Stone Soup version 0.24-a0-769-g368c1644f8 (webtiles) character file.

Game seed: 7811405549758929193, levelgen mode: deterministic

8330 Erlindor the Fighter (level 11, -4/92 HPs)
             Began as a Mummy Conjurer on Oct 5, 2019.
             Was an Initiate of Gozag.
             Shot with an arrow by a centaur warrior (17 damage)
             ... on level 11 of the Dungeon.
             The game lasted 00:51:09 (19887 turns).

Erlindor the Fighter (Mummy Conjurer)              Turns: 19887, Time: 00:51:11

Health: -4/92      AC:  5    Str: 12    XL:     11   Next: 8%
Magic:  12/24      EV: 12    Int: 18    God:    Gozag
Gold:   976        SH:  0    Dex: 14    Spells: 15/28 levels left

rFire    x . .     SeeInvis +   a - +2 dagger (venom)
rCold    + . .     Gourm    .   (no shield)
rNeg     + + +     Faith    .   p - +0 robe {MR+}
rPois    ∞         Spirit   .   j - +0 hat
rElec    .         Reflect  .   h - +0 cloak
rCorr    .         Harm     .   r - +1 pair of gloves
MR       ++...                  (no boots)
Stlth    ++........             l - amulet of the acrobat
HPRegen  0.25/turn              m - +2 ring of dexterity
MPRegen  0.19/turn              A - ring of see invisible

@: no status effects
A: no food or potions, fire vulnerability, cold resistance 1, negative energy
resistance 3, torment resistance, unbreathing
a: Potion Petition, Call Merchant, Bribe Branch, Renounce Religion


You were on level 11 of the Dungeon.
You worshipped Gozag.
Gozag was pleased with you.
You were not hungry.

You visited 2 branches of the dungeon, and saw 12 of its levels.

You collected 1449 gold pieces.
You paid 473 gold pieces to Gozag.

Inventory:

Hand Weapons
 a - a +2 dagger of venom (weapon)
 b - a +0 hunting sling
 z - a +0 war axe of electrocution
Missiles
 d - 23 poisoned darts (quivered)
 g - 214 stones
 w - 7 atropa-tipped darts
 C - a throwing net
Armour
 h - a +0 cloak (worn)
 j - a +0 hat (worn)
 k - the +0 robe of the Planets {+Blink MP-9 Str-4 Slay+6}
   (You found it on level 4 of the Dungeon)

   It affects your strength (-4).
   It affects your accuracy and damage with ranged weapons and melee attacks
   (+6).
   It affects your magic capacity (-9).
   It lets you blink.
 p - a +0 robe of magic resistance (worn)
 r - a +1 pair of gloves (worn)
Jewellery
 l - an amulet of the acrobat (around neck)
 m - a +2 ring of dexterity (left hand)
 A - a ring of see invisible (right hand)
Wands
 n - a wand of random effects (20)
 o - a wand of digging (3)
 q - a wand of flame (46)
 v - a wand of acid (9)
 y - a wand of polymorph (3)
 E - a wand of enslavement (10)
Scrolls
 c - a scroll of acquirement {unknown}
 e - a scroll of magic mapping {unknown}
 f - 3 scrolls of teleportation
 i - 4 scrolls of remove curse
 s - a scroll of enchant armour {unknown}
 t - 3 scrolls of identify
 u - a scroll of amnesia {unknown}
 x - 3 scrolls of random uselessness {unknown}
 B - a scroll of brand weapon {unknown}
 D - a scroll of immolation {unknown}


   Skills:
 + Level 10.4 Fighting
 - Level 1.5 Dodging
 - Level 1.5 Stealth
 - Level 9.0 Spellcasting
 - Level 9.1 Conjurations
 - Level 3.3 Hexes
 - Level 2.0 Translocations
 - Level 3.0 Evocations


You had 15 spell levels left.
You knew the following spells:

 Your Spells              Type           Power        Failure   Level  Hunger
a - Magic Dart            Conj           ####         1%          1    N/A
b - Iskenderun's Mystic   Conj           #####...     1%          4    N/A
c - Fulminant Prism       Conj/Hex       ####......   7%          4    N/A
d - Force Lance           Conj/Tloc      ####....     9%          4    N/A

Your spell library contained the following spells:

 Spells                   Type           Power        Failure   Level  Hunger
 Searing Ray              Conj           #####.       1%          2    N/A
 Dazzling Spray           Conj/Hex       ####..       1%          3    N/A

Dungeon Overview and Level Annotations

Branches:
Dungeon (11/15)            Temple (1/1) D:6             Orc (0/2) D:10
   Lair: D:8-11

Altars:
Ashenzari
Cheibriados
Dithmenos
Elyvilon
Fedhas
Gozag
Hepliaklqana
Kikubaaqudgha
Makhleb
Nemelex Xobeh
Okawaru
Qazlal
Ru
Sif Muna
Trog
Uskayaw
Vehumet
Wu Jian
Xom
Yredelemnul
Zin
The Shining One

Shops:
D:9 :

Annotations:
D:4 Ijyb
D:8 exclusion: downstairs
D:10 2 transporters


Innate Abilities, Weirdness & Mutations

You do not eat or drink.
Your flesh is vulnerable to fire.
You are immune to poison.
Your flesh is cold resistant. (rC+)
You are immune to negative energy. (rN+++)
You are immune to unholy pain and torment.
You can survive without breathing.


Message History

The arrow hits you.
The centaur warrior shoots an arrow.
The arrow misses you.
The centaur shoots an arrow.
The arrow hits you but does no damage.
Casting: Iskenderun's Mystic Blast (safe; 1% risk of failure)
Confirm with . or Enter, or press ? or * to list all spells.
Aiming: Iskenderun's Mystic Blast (safe; 1% risk of failure)
Press: ? - help, Shift-Dir - straight line, f/p - centaur warrior
Aim: a centaur warrior, wielding a +0 shortbow (heavily wounded)
The orb of energy hits the centaur warrior!
The centaur warrior is severely wounded.
The centaur shoots an arrow.
The arrow hits you.
The centaur warrior shoots an arrow.
The arrow hits you!
The centaur shoots an arrow.
The arrow hits you!
The centaur shoots an arrow.
The arrow closely misses you.
The centaur warrior shoots an arrow.
The arrow hits you.
* * * LOW HITPOINT WARNING * * *
The centaur shoots an arrow.
The arrow hits you!
* * * LOW HITPOINT WARNING * * *
The centaur warrior shoots an arrow.
The arrow hits you!
You die...
Your body crumbles into a pile of gold.

#....#....#####....#
#....#..............
#....#..........(.(.
#....#..............
#..............
#....#####..... ###
#..... ######.....
#..... #..@.......
#...(. #.........#
#..... #......(...
...... #........c.
..... #....#c....
.... #....#..... ...
#....# ..c. #....#
....


You could see a centaur warrior and 2 centaurs.

Vanquished Creatures
  Erolcha (D:10)
  3 two-headed ogres
  Joseph (D:9)
  A merfolk (D:10)
  Grinder (D:6)
  Sigmund (D:6)
  4 yaks (D:7)
  A hungry ghost (D:10)
  3 ice beasts
  3 orc warriors
  2 sky beasts
  A black bear (D:7)
  2 ogres
  2 necrophages
  4 phantoms
  5 centaurs
  Blork the orc (D:4)
  A big kobold (D:10)
  2 bullfrogs
  4 scorpions
  A wyvern skeleton (D:11)
  3 killer bees (D:8)
  3 wights (D:9)
  2 crimson imps
  2 bullfrog zombies
  A centaur zombie (D:9)
  A quasit (D:8)
  2 jellies
  3 hounds
  4 orc priests
  An iguana (D:4)
  11 orc wizards
  9 worker ants
  A killer bee zombie (D:9)
  3 hound skeletons
  A worker ant zombie (D:8)
  12 adders
  7 gnolls
  2 shadow imps
  An ooze (D:4)
  An adder zombie (D:7)
  2 adder skeletons
  3 worms
  A dart slug (D:1)
  3 leopard geckos
  33 orcs
  4 bats
  5 giant cockroaches
  4 hobgoblins
  4 jackals
  2 quokkas
  A ball python (D:4)
  2 frilled lizards
  8 goblins
  A jackal skeleton (D:4)
  8 kobolds
  A leopard gecko skeleton (D:4)
  2 rats (D:2)
  A fulminant prism (D:9)
199 creatures vanquished.

Vanquished Creatures (others)
  An orc (D:8)
  38 fulminant prisms
39 creatures vanquished.

Grand Total: 238 creatures vanquished

Notes
Turn   | Place    | Note
-------+----------+-------------------------------------------
     0 | D:1      | Erlindor the Mummy Conjurer began the quest for the Orb.
     0 | D:1      | Reached XP level 1. HP: 13/13 MP: 4/4
  1123 | D:1      | Reached XP level 2. HP: 19/19 MP: 6/6
  2036 | D:2      | Reached XP level 3. HP: 7/24 MP: 4/8
  3235 | D:3      | Reached XP level 4. HP: 30/30 MP: 7/10
  3449 | D:3      | Reached skill level 5 in Spellcasting
  3978 | D:4      | Reached XP level 5. HP: 32/35 MP: 9/13
  4015 | D:4      | Learned a level 4 spell: Iskenderun's Mystic Blast
  4317 | D:4      | Got an ancient robe
  4319 | D:4      | Identified the +0 robe of the Planets {+Blink MP-9 Str-4
                  | Slay+6} (You found it on level 4 of the Dungeon)
  5298 | D:4      | Reached XP level 6. HP: 34/41 MP: 8/15
  5488 | D:4      | Noticed Blork the orc
  5506 | D:4      | HP: 2/41 [Blork the orc/magic dart (4)]
  5507 | D:4      | Killed Blork the orc
  6338 | D:4      | Noticed Ijyb
  6640 | D:5      | Entered Level 5 of the Dungeon
  7118 | D:5      | Reached XP level 7. HP: 36/46 MP: 12/18
  7392 | D:5      | Reached skill level 5 in Conjurations
  7597 | D:5      | Found a shattered altar of Ashenzari.
  8241 | D:6      | Reached skill level 1 in Fighting
  8484 | D:6      | Found a snail-covered altar of Cheibriados.
  8808 | D:6      | Noticed Sigmund
  8822 | D:6      | Killed Sigmund
  8822 | D:6      | Reached skill level 2 in Fighting
  9032 | D:6      | Reached XP level 8. HP: 12/57 MP: 1/20
  9301 | D:6      | Found a staircase to the Ecumenical Temple.
  9347 | D:6      | Learned a level 4 spell: Fulminant Prism
  9348 | Temple   | Entered the Ecumenical Temple
  9594 | Temple   | Became a worshipper of Gozag Ym Sagoz the Greedy
  9633 | D:6      | Noticed Grinder
  9762 | D:6      | Killed Grinder
  9762 | D:6      | Reached skill level 3 in Fighting
 10094 | D:7      | Reached skill level 4 in Fighting
 10368 | D:7      | Reached skill level 5 in Fighting
 10434 | D:7      | Reached XP level 9. HP: 34/68 MP: 4/22
 10773 | D:7      | Reached skill level 6 in Fighting
 12353 | D:8      | Reached skill level 7 in Fighting
 14148 | D:9      | Reached skill level 8 in Fighting
 14148 | D:9      | Reached skill level 1 in Hexes
 14322 | D:9      | Noticed a two-headed ogre
 14634 | D:9      | Noticed a two-headed ogre
 15067 | D:9      | Reached XP level 10. HP: 53/80 MP: 23/23
 15675 | D:9      | Killed a two-headed ogre
 15877 | D:8      | Killed a two-headed ogre
 16633 | D:10     | Entered Level 10 of the Dungeon
 16652 | D:10     | Noticed Joseph
 16896 | D:9      | Reached skill level 9 in Fighting
 17177 | D:10     | Found a shattered altar of Ashenzari.
 17214 | D:10     | Noticed a gargoyle
 17740 | D:9      | Killed Joseph
 18052 | D:10     | Learned a level 4 spell: Force Lance
 18053 | D:10     | Found a transporter.
 18216 | D:10     | Found a transporter.
 18295 | D:10     | Noticed Erolcha
 18309 | D:10     | Killed Erolcha
 18309 | D:10     | Reached skill level 1 in Translocations
 18309 | D:10     | Reached skill level 1 in Evocations
 18526 | D:10     | Reached skill level 10 in Fighting
 18807 | D:10     | Noticed a two-headed ogre
 18814 | D:10     | Killed a two-headed ogre
 18814 | D:10     | Reached XP level 11. HP: 91/91 MP: 10/24
 19307 | D:10     | Noticed a fire crab
 19308 | D:10     | Noticed a deep elf knight
 19349 | D:10     | Found a staircase to the Orcish Mines.
 19508 | D:11     | Noticed a two-headed ogre
 19641 | D:11     | Noticed a green ugly thing
 19862 | D:11     | Noticed a green ugly thing
 19882 | D:11     | Noticed a centaur warrior
 19887 | D:11     | Shot with an arrow by a centaur warrior

Levels and vault maps discovered:
D:1:      lightli_arrival_isolated_outpost, layout_basic
D:2:      layout_loops_ring
D:3:      layout_basic
D:4:      minmay_door_path, layout_loops_ring, minmay_increasing_density,
          uniq_blork_the_orc, uniq_ijyb
D:5:      layout_loops_ring, ashenzari_altar_1, first_ration,
          kennysheep_windowed_goal
D:6:      layout_basic, minmay_temple_entry_overgrown, cheibrodos_worm_habitat,
          uniq_grinder, uniq_sigmund
D:7:      layout_loops_corners, lightli_minifort
D:8:      layout_loops_cross
D:9:      layout_irregular_city
D:10:     gammafunk_wand_slinger, layout_rooms, orc_0_dummy, basic_altar,
          hangedman_fish_farm, nrook_mini_vaults, uniq_erica, uniq_erolcha,
          uniq_joseph
D:11:     layout_grid_maze, david_lair_shrubbed,
          minmay_fractal_squares_gapless_7
Temple:   roderic_octagonal_lattice_temple

Skill      XL: |  1  2  3  4  5  6  7  8  9 10 11 |
---------------+----------------------------------+-----
Spellcasting   | 3 4 5 6 8 9 |  9.0
Conjurations   | 4 5 7 8 9 |  9.1
Fighting       | 2 5 8 10 | 10.4
Hexes          | 1 3 |  3.3
Translocations | 2 |  2.0
Evocations     | 2 3 |  3.0
Dodging        | |  1.5
Stealth        | |  1.5

Action                   |  1- 3 |  4- 6 |  7- 9 | 10-12 || total
-------------------------+-------+-------+-------+-------++-------
Melee: Dagger            |     7 |    61 |   123 |    29 ||   220
       War axe           |       |       |     9 |    31 ||    40
Throw: Dart              |    49 |    14 |     1 |       ||    64
       Stone             |     1 |     4 |       |       ||     5
 Cast: Magic Dart        |    69 |   110 |   181 |    72 ||   432
       Iskenderun's Myst |       |     3 |    48 |    53 ||   104
       Fulminant Prism   |       |       |    26 |    13 ||    39
Invok: Potion Petition   |       |       |     1 |       ||     1
       Call Merchant     |       |       |       |     1 ||     1
  Use: Scroll            |     1 |     4 |     5 |     1 ||    11
 Stab: Sleeping          |       |     2 |     1 |       ||     3
Armor: Robe              |     6 |    22 |    28 |    18 ||    74
Dodge: Dodged            |    27 |    64 |   125 |    86 ||   302

Table legend:
 A = Non-vault XP
 B = Vault XP
 C = Vault XP percentage of total XP
 D = Non-vault monster count
 E = Vault monster count
 F = Vault count percentage of total count
                 A         B        C        D         E       F
            +---------+---------+-------+---------+---------+-------
      Total |    9032 |    2869 |  24.1 |     178 |      20 |  10.1
            +---------+---------+-------+---------+---------+-------
        D:1 |      14 |       0 |   0.0 |       6 |       0 |   0.0
        D:2 |      61 |       0 |   0.0 |      19 |       0 |   0.0
        D:3 |     123 |       0 |   0.0 |      17 |       0 |   0.0
        D:4 |     201 |     310 |  60.7 |      15 |       8 |  34.8
        D:5 |     257 |      11 |   4.1 |      10 |       1 |   9.1
        D:6 |     380 |     523 |  57.9 |       9 |       3 |  25.0
        D:7 |    1523 |     187 |  10.9 |      16 |       5 |  23.8
        D:8 |    1932 |       0 |   0.0 |      31 |       0 |   0.0
        D:9 |    2433 |     498 |  17.0 |      29 |       1 |   3.3
       D:10 |    1785 |    1340 |  42.9 |      19 |       2 |   9.5
       D:11 |     323 |       0 |   0.0 |       7 |       0 |   0.0
            +---------+---------+-------+---------+---------+-------
